 Dungeon Crawl Stone Soup version 0.22-a0-284-g99d1f74 (webtiles) character file.

53 JeffiDaFish the Chiller (level 3, 0/26 HPs)
             Began as a Draconian Ice Elementalist on Mar 21, 2018.
             Slain by a worm (9 damage)
             ... on level 2 of the Dungeon.
             The game lasted 00:05:18 (1764 turns).

JeffiDaFish the Chiller (DrIE)                      Turns: 1764, Time: 00:05:18

Health: 0/26       AC:  5    Str: 10    XL:     3   Next: 64%
Magic:  1/7        EV: 12    Int: 16    God:
Gold:   13         SH:  0    Dex: 11    Spells: 1/7 levels left

rFire    . . .     SeeInvis .   g - +0 long sword
rCold    . . .     Gourm    .   (no shield)
rNeg     . . .     Faith    .   (armour unavailable)
rPois    .         Spirit   .   (helmet restricted)
rElec    .         Reflect  .   (no cloak)
rCorr    .         Harm     .   (no gloves)
MR       .....                  (no boots)
Stlth    ++........             c - amulet of magic regeneration
HPRegen  0.08/turn              (no ring)
MPRegen  0.35/turn              (no ring)

@: no status effects
A: unfitting armour, cold-blooded, AC +5
a: no special abilities


You were on level 2 of the Dungeon.
You were not hungry.

You visited 1 branch of the dungeon, and saw 2 of its levels.

You collected 13 gold pieces.

Inventory:

Hand Weapons
 e - a +0 short sword
 g - a +0 long sword (weapon)
Jewellery
 c - an amulet of magic regeneration (around neck)
Scrolls
 f - a scroll of enchant armour
Potions
 a - a potion of flight
Comestibles
 b - 4 rations
 d - 2 chunks of flesh


   Skills:
 - Level 1.7 Dodging
 - Level 1.7 Stealth
 * Level 2.9 Spellcasting
 + Level 1.4 Conjurations
 * Level 3.8 Ice Magic


You had one spell level left.
You knew the following spells:

 Your Spells              Type           Power        Failure   Level  Hunger
a - Freeze                Ice            ##..         3%          1    #......
b - Throw Frost           Conj/Ice       ##....       10%         2    ##.....
c - Ozocubu's Armour      Chrm/Ice       #.......     26%         3    ###....


Dungeon Overview and Level Annotations

Branches:
Dungeon (2/15)

Altars:


Innate Abilities, Weirdness & Mutations

Your plain brown scales are hard. (AC +5)
You cannot fit into any form of body armour.
You are cold-blooded and may be slowed by cold attacks.


Message History

Aiming: Freeze (safe; 3% risk of failure)
Press: ? - help, Shift-Dir - straight line, f/p - worm
Aim: a worm (heavily wounded)
You freeze the worm.
The worm is almost dead.
You barely miss the worm.
The worm is almost dead.
The worm bites you!
You are too injured to fight recklessly!
You are too injured to fight recklessly!
You are too injured to fight recklessly!
Casting: Freeze (safe; 3% risk of failure)
Confirm with . or Enter, or press ? or * to list all spells.
Aiming: Freeze (safe; 3% risk of failure)
Press: ? - help, Shift-Dir - straight line, f/p - worm
Aim: a worm (almost dead)
You freeze the worm.
The worm is almost dead.
The worm bites you!
You die...

.........### ##..###.#
.......#...###.>(....#
............#..#....##
#..............#....###
#.......................
##..........#..#........
.....)......##..........
.#....w.......#.........
#.....@.).##.#.........
#.........##........###
#.........###.......#
########.## .......# #.#
.......# #.# #......#
#.# #.... ..# ##


You could see a worm.

Vanquished Creatures
  An ooze (D:1)
  2 dart slugs
  4 giant cockroaches (D:1)
  A goblin (D:1)
  5 hobgoblins
  11 jackals (D:1)
  5 kobolds
  5 bats
  2 frilled lizards (D:1)
  4 rats (D:1)
40 creatures vanquished.

Notes
Turn   | Place    | Note
-------+----------+-------------------------------------------
     0 | D:1      | JeffiDaFish the Draconian Ice Elementalist began the quest for the Orb.
     0 | D:1      | Reached XP level 1. HP: 14/14 MP: 3/3
   369 | D:1      | Reached XP level 2. HP: 19/20 MP: 0/5
   512 | D:1      | Learned a level 2 spell: Throw Frost
  1037 | D:1      | Reached XP level 3. HP: 26/26 MP: 4/6
  1042 | D:1      | Learned a level 3 spell: Ozocubu's Armour
  1764 | D:2      | Slain by a worm

Vault maps used:
D:1:      roderic_octagonal_star, minmay_curled_crystal,
          corexii_item_surrounded_by_moat
D:2:      lemuel_coloured_pillars_altar, uniq_robin

Action                   || total
-------------------------++-------
Melee: Unarmed           ||    58
       Tailslap          ||     6
       Short sword       ||     7
       Long sword        ||     2
 Cast: Freeze            ||    70
       Throw Frost       ||     2
  Use: Potion            ||     4
       Scroll            ||     3
  Eat: Chunk             ||     3
Armor: Skin              ||    53
Dodge: Dodged            ||    69

Table legend:
 A = Spawn XP
 B = Non-spawn XP
 C = Spawn XP percentage of total XP
 D = Spawn monster count
 E = Non-spawn monster count
 F = Spawn count percentage of total count
 G = Total turns spent on level
                    A         B        C        D         E        F      G
               +---------+---------+-------+---------+---------+-------+---------
         Total |       0 |      77 |   0.0 |       0 |      40 |   0.0 |  1764
               +---------+---------+-------+---------+---------+-------+---------
           D:1 |       0 |      68 |   0.0 |       0 |      36 |   0.0 |  1624
           D:2 |       0 |       9 |   0.0 |       0 |       4 |   0.0 |   140
               +---------+---------+-------+---------+---------+-------+---------
